General information
			
			
        
        - name: BNet
 
        - type: Ladder 1vs1/FFA
 
        - host: Battle.net
 
        - saver: hetchjay
 
        
map: CentaurGrove 
        - players: 2
 
        - length: 66:15
 
        - speed: Fast
 - version: 1.22 W3XP
 - replay type:  Public
 
» download(176 KB)
Players
        team 1 (winner) 
              
              
hetchjay (
pink | 79 APM | 5236 actions | 66:15)
              
 8 Goblin Alchemist 
 3 Healing Spray
 3 Chemical Rage
 1 Transmute
 1 Acid Bomb
 4 Mountain King 
 2 Storm Bolt
 2 Bash
 
                » actions 
                
                | Assign group hotkey | 32 |  | 
| Basic commands | 94 |  | 
| Build / train | 196 |  | 
| ESC pressed | 1 |  | 
| Enter build submenu | 112 |  | 
| Enter hero's abilities submenu | 12 |  | 
| Right click | 2399 |  | 
| Select / deselect | 802 |  | 
| Select group hotkey | 1305 |  | 
| Use ability | 276 |  | 
                5236 total
 » units 
                
                | Peasant | 13 |  | 
| Footman | 13 |  | 
| Goblin Shredder | 1 |  | 
| Gryphon Rider | 14 |  | 
| Sorceress | 2 |  | 
| Mortar Team | 9 |  | 
                52 total
 » upgrades
                
                | Lumber Harvesting | 2 |  | 
| Storm Hammers | 1 |  | 
| Swords | 2 |  | 
| Plating | 2 |  | 
| Sorceress Training | 1 |  | 
| Magic Sentry | 1 |  | 
| Flare | 1 |  | 
| Fragmentation Shards | 1 |  | 
| Masonry | 2 |  | 
                13 total
 » buildings
                
                | Altar of Kings | 1 |  | 
| Farm | 11 |  | 
| Barracks | 1 |  | 
| Lumber Mill | 2 |  | 
| Scout Tower | 136 |  | 
| Keep | 1 |  | 
| Guard Tower | 112 |  | 
| Castle | 1 |  | 
| Gryphon Aviary | 1 |  | 
| Blacksmith | 2 |  | 
| Town Hall | 2 |  | 
| Arcane Sanctum | 3 |  | 
| Workshop | 2 |  | 
                275 total
 » build order
                00:10 Altar of Kings
00:22 Farm
00:51 Barracks
01:26 Lumber Mill
02:44 Farm
03:08 Scout Tower
03:46 Keep
04:14 Scout Tower
04:20 Scout Tower
04:58 Scout Tower
04:59 Scout Tower
05:00 Scout Tower
05:04 Scout Tower
05:05 Scout Tower
05:06 Scout Tower
05:10 Scout Tower
05:35 Guard Tower
05:36 Guard Tower
05:37 Scout Tower
05:39 Scout Tower
05:54 Farm
06:10 Guard Tower
06:13 Scout Tower
06:15 Scout Tower
06:16 Scout Tower
06:17 Scout Tower
06:18 Scout Tower
06:18 Scout Tower
06:21 Scout Tower
06:22 Scout Tower
06:22 Scout Tower
06:23 Scout Tower
06:24 Scout Tower
06:46 Guard Tower
06:46 Guard Tower
06:55 Guard Tower
07:10 Farm
07:13 Guard Tower
07:31 Lumber Mill
07:43 Guard Tower
08:39 Guard Tower
08:40 Guard Tower
08:43 Scout Tower
08:47 Scout Tower
09:56 Castle
10:36 Scout Tower
10:37 Scout Tower
10:38 Scout Tower
10:40 Scout Tower
10:44 Guard Tower
10:44 Guard Tower
10:45 Guard Tower
10:45 Guard Tower
10:45 Guard Tower
11:11 Scout Tower
11:12 Scout Tower
11:13 Scout Tower
11:14 Scout Tower
12:12 Guard Tower
12:13 Guard Tower
12:14 Guard Tower
12:14 Guard Tower
12:18 Guard Tower
12:25 Guard Tower
12:28 Guard Tower
12:30 Scout Tower
12:57 Guard Tower
13:50 Guard Tower
13:50 Guard Tower
13:50 Guard Tower
14:20 Guard Tower
14:20 Guard Tower
14:21 Guard Tower
14:21 Guard Tower
14:22 Guard Tower
14:44 Gryphon Aviary
15:39 Scout Tower
15:40 Scout Tower
15:41 Scout Tower
15:42 Scout Tower
15:42 Scout Tower
15:43 Scout Tower
15:44 Scout Tower
15:50 Scout Tower
15:51 Scout Tower
15:51 Scout Tower
15:52 Scout Tower
15:53 Scout Tower
15:54 Scout Tower
15:55 Scout Tower
17:16 Guard Tower
17:18 Guard Tower
17:19 Guard Tower
17:20 Guard Tower
17:21 Guard Tower
17:23 Guard Tower
17:41 Farm
18:36 Guard Tower
18:36 Guard Tower
18:37 Guard Tower
18:37 Guard Tower
19:19 Guard Tower
19:44 Scout Tower
19:47 Scout Tower
20:08 Scout Tower
20:09 Scout Tower
20:09 Scout Tower
20:11 Scout Tower
20:12 Scout Tower
20:13 Scout Tower
20:14 Scout Tower
20:16 Guard Tower
20:19 Guard Tower
20:22 Scout Tower
20:24 Scout Tower
20:25 Scout Tower
20:25 Scout Tower
20:27 Scout Tower
20:28 Scout Tower
21:08 Blacksmith
21:10 Blacksmith
21:13 Farm
21:14 Guard Tower
21:14 Guard Tower
21:16 Guard Tower
21:16 Guard Tower
23:01 Scout Tower
23:04 Scout Tower
23:24 Scout Tower
23:26 Scout Tower
23:32 Scout Tower
23:34 Guard Tower
23:56 Scout Tower
23:58 Scout Tower
24:00 Scout Tower
24:02 Scout Tower
24:07 Scout Tower
24:08 Scout Tower
24:11 Scout Tower
24:11 Scout Tower
24:15 Scout Tower
24:49 Scout Tower
24:53 Scout Tower
24:53 Scout Tower
25:04 Scout Tower
25:05 Scout Tower
25:24 Town Hall
25:27 Guard Tower
26:05 Scout Tower
26:06 Scout Tower
26:07 Scout Tower
27:55 Guard Tower
27:56 Guard Tower
27:57 Guard Tower
27:58 Guard Tower
27:59 Guard Tower
27:59 Guard Tower
28:01 Guard Tower
28:02 Guard Tower
28:02 Guard Tower
28:03 Guard Tower
28:03 Guard Tower
28:04 Guard Tower
30:01 Guard Tower
30:01 Guard Tower
30:01 Guard Tower
30:08 Arcane Sanctum
30:15 Arcane Sanctum
33:13 Guard Tower
35:45 Arcane Sanctum
37:12 Workshop
37:20 Workshop
42:21 Farm
42:22 Farm
42:22 Farm
42:25 Farm
42:25 Farm
46:37 Scout Tower
46:37 Scout Tower
46:38 Scout Tower
46:39 Scout Tower
46:39 Scout Tower
46:40 Scout Tower
46:41 Scout Tower
46:42 Scout Tower
48:34 Guard Tower
48:34 Guard Tower
48:35 Guard Tower
48:55 Scout Tower
48:56 Scout Tower
48:57 Scout Tower
49:00 Scout Tower
49:01 Scout Tower
49:01 Scout Tower
49:03 Scout Tower
50:03 Guard Tower
50:04 Guard Tower
50:17 Guard Tower
50:17 Guard Tower
50:21 Scout Tower
50:23 Scout Tower
50:24 Scout Tower
50:28 Scout Tower
50:30 Scout Tower
50:30 Scout Tower
50:32 Guard Tower
50:56 Guard Tower
51:22 Guard Tower
51:38 Guard Tower
51:38 Guard Tower
51:42 Guard Tower
51:59 Guard Tower
52:00 Scout Tower
52:01 Scout Tower
52:02 Scout Tower
52:06 Scout Tower
52:06 Scout Tower
52:07 Scout Tower
53:53 Guard Tower
53:53 Guard Tower
53:53 Guard Tower
53:55 Scout Tower
53:56 Scout Tower
55:18 Guard Tower
55:18 Guard Tower
55:19 Guard Tower
55:19 Guard Tower
55:20 Guard Tower
60:37 Town Hall
60:42 Scout Tower
60:43 Scout Tower
60:44 Scout Tower
60:47 Scout Tower
60:49 Scout Tower
60:50 Scout Tower
60:51 Scout Tower
60:52 Scout Tower
60:54 Scout Tower
60:56 Scout Tower
60:57 Scout Tower
60:59 Scout Tower
61:15 Guard Tower
61:16 Guard Tower
61:52 Guard Tower
61:53 Guard Tower
61:54 Guard Tower
62:00 Guard Tower
62:13 Guard Tower
62:14 Guard Tower
62:14 Guard Tower
62:46 Scout Tower
62:47 Scout Tower
62:48 Scout Tower
62:49 Scout Tower
62:50 Scout Tower
62:53 Scout Tower
62:54 Scout Tower
62:56 Scout Tower
62:57 Scout Tower
63:28 Guard Tower
63:28 Guard Tower
63:29 Guard Tower
63:53 Guard Tower
63:54 Guard Tower
64:06 Scout Tower
65:02 Guard Tower
65:03 Guard Tower
65:03 Guard Tower
65:03 Guard Tower
» items
                
                | Staff of Teleportation | 2 |  | 
| Potion of Lesser Invulnerability | 1 |  | 
                3 total
  
               team 2 (loser) 
              
              
TheWhorde (
teal | 35 APM | 2295 actions | 66:14)
              
 5 Blademaster 
 3 Mirror Image
 2 Critical Strike
 3 Shadow Hunter 
 1 Hex
 1 Serpent Ward
 1 Healing Wave
 2 Far Seer 
 1 Far Sight
 1 Feral Spirit
 
                » actions 
                
                | Assign group hotkey | 52 |  | 
| Basic commands | 26 |  | 
| Build / train | 180 |  | 
| Enter build submenu | 73 |  | 
| Enter hero's abilities submenu | 10 |  | 
| Remove unit from queue | 43 |  | 
| Right click | 724 |  | 
| Select / deselect | 418 |  | 
| Select group hotkey | 657 |  | 
| Use ability | 106 |  | 
                2295 total
 » units 
                
                | Peon | 50 |  | 
| Grunt | 9 |  | 
| Troll Headhunter/Berserker | 9 |  | 
| Demolisher | 33 |  | 
| Kodo Beast | 2 |  | 
| Raider | 4 |  | 
| Wind Rider | -6 |  | 
| Goblin Shredder | 1 |  | 
| Goblin Zeppelin | 1 |  | 
                103 total
 » upgrades
                
                | Armor | 3 |  | 
| Melee Weapons | 2 |  | 
| Ranged Weapons | 2 |  | 
| Spiked Barricades | 3 |  | 
| Troll Regeneration | 1 |  | 
| Berserker Strength | 1 |  | 
| Ensnare | 1 |  | 
| Reinforced Defenses | 1 |  | 
| Burning Oil | 1 |  | 
| Envenomed Spears | 1 |  | 
| Berserker Upgrade | 1 |  | 
| Pillage | 1 |  | 
                18 total
 » buildings
                
                | Altar of Storms | 1 |  | 
| Orc Burrow | 9 |  | 
| Barracks | 2 |  | 
| War Mill | 2 |  | 
| Watch Tower | 39 |  | 
| Stronghold | 1 |  | 
| Beastiary | 1 |  | 
| Spirit Lodge | 1 |  | 
| Voodoo Lounge | 1 |  | 
| Great Hall | 3 |  | 
| Fortress | 1 |  | 
                61 total
 » build order
                00:08 Altar of Storms
00:10 Orc Burrow
00:35 Barracks
01:46 Orc Burrow
02:18 War Mill
02:56 Orc Burrow
03:38 Watch Tower
03:59 Orc Burrow
05:26 Watch Tower
05:44 Orc Burrow
06:47 Orc Burrow
06:55 Orc Burrow
07:12 Stronghold
07:46 Orc Burrow
07:52 Orc Burrow
09:24 Watch Tower
09:39 Beastiary
09:53 Spirit Lodge
10:15 Voodoo Lounge
11:15 Barracks
11:53 Great Hall
12:35 Watch Tower
14:45 Great Hall
17:57 Watch Tower
18:09 Fortress
21:19 War Mill
25:56 Watch Tower
30:56 Watch Tower
31:00 Watch Tower
31:04 Watch Tower
31:08 Watch Tower
31:12 Watch Tower
31:15 Watch Tower
31:19 Watch Tower
31:24 Watch Tower
31:28 Watch Tower
32:01 Watch Tower
32:06 Watch Tower
32:14 Watch Tower
32:39 Watch Tower
32:45 Watch Tower
32:55 Watch Tower
33:00 Watch Tower
34:15 Watch Tower
34:18 Watch Tower
34:25 Watch Tower
34:28 Watch Tower
34:55 Watch Tower
35:03 Watch Tower
35:08 Watch Tower
36:36 Watch Tower
36:49 Watch Tower
36:58 Watch Tower
38:35 Watch Tower
38:40 Watch Tower
38:46 Watch Tower
38:50 Watch Tower
38:52 Watch Tower
38:57 Watch Tower
39:00 Watch Tower
58:02 Great Hall
» items
                 
                Chat log
          
(14:10 / All) TheWhorde: you new?
(14:14 / All) hetchjay: yeah
(14:25 / All) TheWhorde: towers don't do so much
(14:58 / All) TheWhorde: if you noticed, I have two
(15:04 / All) TheWhorde: because orc builds slow and the work well early
(15:10 / All) TheWhorde: they*
(19:01 / All) TheWhorde: thanks for the help :)
(19:05 / All) hetchjay: you got it
(19:14 / All) TheWhorde: and by my count, thats at least 700 you've put into tps
(25:23 / All) TheWhorde: on the bright side, I have four active mines
(25:27 / All) TheWhorde: so that doesn't really do anything
(25:30 / All) hetchjay: excellent
(30:34 / All) TheWhorde: you'd save a shit ass ton of money if you didn't bring your hero
(30:44 / All) hetchjay: he likes to see the world
(30:47 / All) TheWhorde: 350 could build you some extra towers
(34:27 / All) hetchjay: well hello
(34:41 / All) TheWhorde: it gets better :)
(38:26 / All) TheWhorde: wanna know the best part?
(38:28 / All) hetchjay: yeah?
(38:30 / All) TheWhorde: my towers have better range
(38:41 / All) hetchjay: sounds troublesome
(42:28 / All) TheWhorde: you don't need sentry twrs
(42:29 / All) TheWhorde: btw
(42:33 / All) hetchjay: windwalk
(42:37 / All) hetchjay: in case you try sxomething sneaky
(42:42 / All) TheWhorde: I don't use windwalk
(42:48 / All) TheWhorde: I'm a mirror image guy
(46:04 / All) TheWhorde: god they're dumb
(51:11 / All) TheWhorde: :)
(52:40 / All) TheWhorde: that idiot...
(52:46 / All) hetchjay: same thign happened ot me earlier